 Dungeon Crawl Stone Soup version 0.29.1-14-g9c671dbff4 (webtiles) character file.

Game seed: 2145847922457749240

92 Mickster the Ruffian (level 4, -4/35 HPs)
             Began as a Demigod Wanderer on Feb 15, 2023.
             Succumbed to a water moccasin's poison
             ... on level 5 of the Dungeon.
             The game lasted 00:22:17 (2626 turns).

Mickster the Ruffian (Demigod Wanderer)             Turns: 2626, Time: 00:22:18

Health: -4/35      AC: 11    Str: 18    XL:     4   Next: 13%
Magic:  8/8        EV:  7    Int: 13    God:
Gold:   66         SH:  0    Dex: 13    Spells: 5/5 levels left

rFire   . . .      SeeInvis .   a - +0 hand axe (flame)
rCold   . . .      Faith    .   (no shield)
rNeg    . . .      Spirit   .   k - +0 chain mail
rPois   .          Reflect  .   (no helmet)
rElec   .          Harm     .   l - +2 cloak
rCorr   .          Rampage  .   (no gloves)
Will    .....                   (no boots)
Stlth   ..........              (no amulet)
HPRegen 0.11/turn               (no ring)
MPRegen 0.11/turn               (no ring)

@: lethally poisoned (-4 -> -23)
A: high MP 1, forlorn, divine attributes
a: no special abilities


You were on level 5 of the Dungeon.
You visited 1 branch of the dungeon, and saw 4 of its levels.

You collected 66 gold pieces.

Inventory:

Hand Weapons
 a - a +0 hand axe of flaming (weapon)
 h - a +0 club
Missiles
 i - 5 poisoned darts (quivered)
Armour
 f - a +0 leather armour
 k - a +0 chain mail (worn)
 l - a +2 cloak (worn)
Wands
 d - a wand of polymorph (4)
Scrolls
 c - a scroll of fear
 g - a scroll of identify
Potions
 b - a potion of heal wounds
 e - 2 potions of curing
 j - a potion of flight


   Skills:
 + Level 1.2 Fighting
 + Level 2.1 Axes
 + Level 1.9 Armour
 + Level 0.3 Dodging
 + Level 1.0 Stealth
 + Level 3.9 Unarmed Combat
 + Level 1.0 Spellcasting
 + Level 2.1 Evocations


You had 5 spell levels left.
You didn't know any spells.
Your spell library contained the following spells:

 Spells                   Type           Power      Damage    Failure   Level
 Frozen Ramparts          Ice            0%         1d1       100%        3
 Tukima's Dance           Hex            0%         N/A       100%        3
 Ice Form                 Ice/Tmut       0%         N/A       100%        4
 Passage of Golubria      Tloc           0%         N/A       100%        4
 Summon Ice Beast         Ice/Summ       0%         N/A       100%        4
 Yara's Violent Unravell  Hex/Tmut       0%         3d3       100%        5


Dungeon Overview and Level Annotations

Branches:
Dungeon (5/15)
 Temple: D:4-7


Innate Abilities, Weirdness & Mutations

You have an increased reservoir of magic. (+10% MP)
You shall have no god before yourself.
Your divine heritage dramatically boosts your attributes as you level up.


Message History

Aiming: Polymorph
Press: ? - help, Shift-Dir - straight line, f - water moccasin
Aim: a water moccasin (will become a fire bat, a swamp drake, or a tengu, chance to affect: 54%)
The water moccasin resists with significant effort.
Aiming: Polymorph
Press: ? - help, Shift-Dir - straight line, f/p - water moccasin
Aim: a water moccasin (will become a fire bat, a swamp drake, or a tengu, chance to affect: 54%)
The water moccasin resists with significant effort.
You barely miss the water moccasin. The water moccasin bites you.
The water moccasin bites you but does no damage.
You barely miss the water moccasin. The water moccasin barely misses you.
The water moccasin bites you.
You hit the water moccasin. You burn the water moccasin.
The water moccasin is moderately wounded.
The water moccasin bites you but does no damage.
You hit the water moccasin but do no damage.
The water moccasin is moderately wounded.
The water moccasin bites you but does no damage.
The water moccasin bites you.
You hit the water moccasin. You burn the water moccasin.
The water moccasin is heavily wounded.
The water moccasin bites you but does no damage.
The water moccasin closely misses you.
You closely miss the water moccasin.
The water moccasin is heavily wounded.
The water moccasin closely misses you. The water moccasin bites you.
You barely miss the water moccasin.
The water moccasin is heavily wounded.
The water moccasin bites you.
You hit the water moccasin. You burn the water moccasin.
The water moccasin is severely wounded.
The water moccasin bites you.
* * * LOW HITPOINT WARNING * * *
The water moccasin bites you!
* * * LOW HITPOINT WARNING * * *
You are lethally poisoned!
The water moccasin poisons you!
You barely miss the water moccasin.
The water moccasin is severely wounded.
You die...

#### ###########
....# #.........#
...!.##>........#
.....?#.........#
......#...[.....#
................#
......S@........#
......#.........#
...>..#.(.......#
....^ #.........#
... #.........#
.. ########### .


You could see a water moccasin.

Vanquished Creatures
  Natasha (D:2)
  2 adders (D:2)
  2 worms (D:2)
  2 dart slugs (D:1)
  5 endoplasms
  3 giant cockroaches
  2 goblins (D:1)
  4 hobgoblins
  5 quokkas
  4 ball pythons
  5 bats
  2 kobolds
  2 rats (D:1)
39 creatures vanquished.

Notes
Turn   | Place    | Note
-------+----------+-------------------------------------------
     0 | D:1      | Mickster the Demigod Wanderer began the quest for the Orb.
     0 | D:1      | Mickster set off with the following items: a +0 hand axe, a
                  | potion of heal wounds, a scroll of fear, a wand of
                  | polymorph (6), a potion of attraction, a +0 leather armour.
     0 | D:1      | Reached XP level 1. HP: 14/14 MP: 4/4
   504 | D:1      | Reached XP level 2. HP: 4/22 MP: 5/5
  1328 | D:2      | Reached XP level 3. HP: 11/27 MP: 6/6
  1825 | D:2      | Reached skill level 1 in Fighting
  2431 | D:2      | Noticed Natasha
  2440 | D:2      | Killed Natasha
  2441 | D:2      | Reached XP level 4. HP: 27/35 MP: 8/8
  2590 | D:3      | You fall into a shaft and drop 2 floors!
  2590 | D:5      | Entered Level 5 of the Dungeon
  2615 | D:5      | Noticed a water moccasin
  2625 | D:5      | HP: 1/35 [water moccasin (8)]
  2626 | D:5      | Succumbed to a water moccasin's poison

Illustrated notes

Levels and vault maps discovered:
D:1:      tarquinn_simple_flora_water_d, layout_rooms, basic_ecumenical_altar
D:2:      layout_loops_ring, uniq_natasha
D:3:      layout_basic, mainiacjoe_overflow_tiny_flanked,
          hangedman_decor_opposing
D:5:      layout_rooms, nicolae_vehumet_radiance, serial_shops, shop,
          minmay_puff, uniq_eustachio, uniq_blork_the_orc

Skill      XL: |  1  2  3 |
---------------+----------+-----
Evocations     | 2 |  2.1
Fighting       | 1 |  1.2
Axes           | 2 |  2.1
Armour         | |  1.9
Dodging        | |  0.3
Stealth        | |  1.0
Unarmed Combat | |  3.9
Spellcasting   | |  1.0

Action                   |  1- 3 |  4- 6 || total
-------------------------+-------+-------++-------
Melee: Hand axe          |   117 |     9 ||   126
       Punch             |     2 |       ||     2
Throw: Dart              |     7 |       ||     7
Evoke: Wand              |       |     2 ||     2
  Use: Scroll            |     5 |       ||     5
       Potion            |     5 |       ||     5
Armor: Leather armour    |    34 |       ||    34
       Chain mail        |    37 |     4 ||    41
Dodge: Dodged            |    83 |     3 ||    86
